3R
GERMANTOWN URUGUAYANS @ NORTHWEST TERRITORY BEAVERS
08/18/2038
 
TOP OF THE 1ST
Germantown Uruguayans batting - Pitching for Northwest Territory Beavers : RHP Deron Lewis
Pitching: RHP Deron Lewis
Batting: RHB Jorge Gardella 0-0: Ball
1-0: Foul Ball, location: 2F
1-1: Ground out 5-3 (Groundball, 56, EV 101.9 MPH)
Batting: LHB Mhelter Narcida 0-0: Fly out, F9 (Line Drive, 9, EV 106.9 MPH)
Batting: RHB Harold Keightley 0-0: Ball
1-0: Foul Ball, location: 2F
1-1: Foul Ball, location: 2F
1-2: Foul Ball, location: 2F
1-2: Ball
2-2: Strikes out looking
Top of the 1st over - 0 runs, 0 hits, 0 errors, 0 left on base; Germantown 0 - Northwest Territory 0
BOTTOM OF THE 1ST
Northwest Territory Beavers batting - Pitching for Germantown Uruguayans : LHP Josh Smith
Pitching: LHP Josh Smith
Batting: RHB Roland Rankin 0-0: Called Strike
0-1: Ball
1-1: Ball
2-1: Ball
3-1: Foul Ball, location: 2F
3-2: Base on Balls
Batting: LHB Mike Johnstone 0-0: Ball
1-0: Ball
2-0: Called Strike
2-1: Ball
3-1: Base on Balls
Roland Rankin to second
Batting: RHB David Alcabú 0-0: Ball
1-0: Ball
2-0: Ball
3-0: Called Strike
3-1: Fly out, F8 (Flyball, 78M, EV 87.5 MPH)
Batting: LHB Lester Threlfall 0-0: Swinging Strike
0-1: SINGLE (Flyball, 78S, EV 88.1 MPH)
Roland Rankin to third
Mike Johnstone to second
Runner from 3rd tries for Home, SAFE, throw by LF to home
Batting: LHB Matt Dunlap 0-0: Ball
1-0: Called Strike
1-1: Foul Ball, location: 2F
1-2: DOUBLE (Line Drive, 8LXD, EV 108.8 MPH)
Mike Johnstone scores
Lester Threlfall to third
Runner from 3rd tries for Home, SAFE, throw by CF to home
Batting: LHB Grover Barbaran 0-0: Called Strike
0-1: Ball
1-1: Foul Ball, location: 2F
1-2: Strikes out swinging
Batting: RHB Richard Mitchell 0-0: Swinging Strike
0-1: Foul Ball, location: 2F
0-2: Strikes out swinging
Bottom of the 1st over - 3 runs, 2 hits, 0 errors, 1 left on base; Germantown 0 - Northwest Territory 3
TOP OF THE 2ND
Germantown Uruguayans batting - Pitching for Northwest Territory Beavers : RHP Deron Lewis
Batting: RHB Kiyoshi Aoki 0-0: Ball
1-0: Ball
2-0: Called Strike
2-1: Ball
3-1: Foul Ball, location: 2F
3-2: Base on Balls
Batting: RHB Lachlan Thurgood 0-0: Foul Ball, location: 2F
0-1: Foul Ball, location: 2F
0-2: Foul Ball, location: 9LSF, Error on foul ball, E9
0-2: Ball
1-2: Ball
2-2: Fly out, F7 (Line Drive, 7D, EV 91.9 MPH)
Batting: RHB Estêvão Reimonde 0-0: Ball
1-0: 2-RUN HOME RUN (Flyball, 78XD, EV 91.2 MPH), Distance : 412 ft
Batting: RHB Anthony McGee 0-0: Ball
1-0: Fly out, F9 (Flyball, 9LS, EV 87.5 MPH)
Batting: RHB Tetahiti Kelala 0-0: Foul Ball, location: 2F
0-1: Ball
1-1: Ground out 5-3 (Groundball, 56S, EV 78.8 MPH)
Top of the 2nd over - 2 runs, 1 hit, 1 error, 0 left on base; Germantown 2 - Northwest Territory 3
BOTTOM OF THE 2ND
Northwest Territory Beavers batting - Pitching for Germantown Uruguayans : LHP Josh Smith
Batting: RHB Cole Hewitt 0-0: Ball
1-0: Fly out, F4 (Popup, 34S, EV 82.5 MPH)
Batting: SHB Zach Bass 0-0: Fly out, F7 (Flyball, 78D, EV 91.9 MPH)
Batting: RHB Roland Rankin 0-0: Called Strike
0-1: Ground out 6-3 (Groundball, 6, EV 98.1 MPH)
Bottom of the 2nd over - 0 runs, 0 hits, 0 errors, 0 left on base; Germantown 2 - Northwest Territory 3
TOP OF THE 3RD
Germantown Uruguayans batting - Pitching for Northwest Territory Beavers : RHP Deron Lewis
Batting: RHB Harley Lambert 0-0: Called Strike
0-1: Ball
1-1: Fly out, F9 (Flyball, 9LD, EV 95.0 MPH)
Batting: RHB Jorge Gardella 0-0: Ball
1-0: Fly out, F7 (Flyball, 7S, EV 78.8 MPH)
Batting: LHB Mhelter Narcida 0-0: Foul Ball, location: 2F
0-1: Ground out 4-3 (Groundball, 4, EV 77.5 MPH)
Top of the 3rd over - 0 runs, 0 hits, 0 errors, 0 left on base; Germantown 2 - Northwest Territory 3
BOTTOM OF THE 3RD
Northwest Territory Beavers batting - Pitching for Germantown Uruguayans : LHP Josh Smith
Batting: LHB Mike Johnstone 0-0: Ground out 1-3 (Groundball, 34S, EV 90.0 MPH)
Batting: RHB David Alcabú 0-0: Ball
1-0: Called Strike
1-1: Fly out, F3 (Line Drive, 3, EV 65.6 MPH)
Batting: LHB Lester Threlfall 0-0: Ground out 4-3 (Groundball, 34, EV 83.8 MPH)
Bottom of the 3rd over - 0 runs, 0 hits, 0 errors, 0 left on base; Germantown 2 - Northwest Territory 3
TOP OF THE 4TH
Germantown Uruguayans batting - Pitching for Northwest Territory Beavers : RHP Deron Lewis
Batting: RHB Harold Keightley 0-0: Ball
1-0: Ball
2-0: Foul Ball, location: 2F
2-1: Foul Ball, location: 2F
2-2: Foul Ball, location: 2F
2-2: SINGLE (Groundball, 56D, EV 103.8 MPH)
Batting: RHB Kiyoshi Aoki 0-0: Called Strike
0-1: Ball
1-1: Swinging Strike
1-2: Strikes out swinging
Batting: RHB Lachlan Thurgood 0-0: Called Strike
0-1: Foul Ball, location: 2F
0-2: Fly out, F9 (Flyball, 9LM, EV 87.5 MPH)
Batting: RHB Estêvão Reimonde 0-0: Called Strike
0-1: Foul Ball, location: 2F
0-2: Ball
1-2: Strikes out swinging
Top of the 4th over - 0 runs, 1 hit, 0 errors, 1 left on base; Germantown 2 - Northwest Territory 3
BOTTOM OF THE 4TH
Northwest Territory Beavers batting - Pitching for Germantown Uruguayans : LHP Josh Smith
Batting: LHB Matt Dunlap 0-0: Ball
1-0: Called Strike
1-1: Swinging Strike
1-2: Ball
2-2: Strikes out looking
Batting: LHB Grover Barbaran 0-0: Ball
1-0: Fly out, F7 (Flyball, 7S, EV 86.2 MPH)
Batting: RHB Richard Mitchell 0-0: Ball
1-0: Called Strike
1-1: Ball
2-1: Ball
3-1: Base on Balls
Batting: RHB Cole Hewitt 0-0: Ball
1-0: Called Strike
1-1: Called Strike
1-2: Strikes out swinging
Bottom of the 4th over - 0 runs, 0 hits, 0 errors, 1 left on base; Germantown 2 - Northwest Territory 3
TOP OF THE 5TH
Germantown Uruguayans batting - Pitching for Northwest Territory Beavers : RHP Deron Lewis
Batting: RHB Anthony McGee 0-0: Called Strike
0-1: Called Strike
0-2: Ball
1-2: Ground out 6-3 (Groundball, 6, EV 90.6 MPH)
Batting: RHB Tetahiti Kelala 0-0: Ball
1-0: Called Strike
1-1: Swinging Strike
1-2: Strikes out looking
Batting: RHB Harley Lambert 0-0: Ball
1-0: Ball
2-0: Ground out 6-3 (Groundball, 6D, EV 101.2 MPH)
Top of the 5th over - 0 runs, 0 hits, 0 errors, 0 left on base; Germantown 2 - Northwest Territory 3
BOTTOM OF THE 5TH
Northwest Territory Beavers batting - Pitching for Germantown Uruguayans : LHP Josh Smith
Batting: SHB Zach Bass 0-0: Called Strike
0-1: Ground out 5-3 (Groundball, 5, EV 102.5 MPH)
Batting: RHB Roland Rankin 0-0: Ball
1-0: SINGLE (Line Drive, 7S, EV 87.5 MPH)
Batting: LHB Mike Johnstone 0-0: Ball
Roland Rankin is caught stealing 2nd base 2-6
1-0: Ball
2-0: Ball
3-0: Called Strike
3-1: Foul Ball, location: 2F
3-2: Fly out, F7 (Flyball, 78D, EV 98.8 MPH)
Bottom of the 5th over - 0 runs, 1 hit, 0 errors, 0 left on base; Germantown 2 - Northwest Territory 3
TOP OF THE 6TH
Germantown Uruguayans batting - Pitching for Northwest Territory Beavers : RHP Deron Lewis
Batting: RHB Jorge Gardella 0-0: Swinging Strike
0-1: Swinging Strike
0-2: Ball
1-2: Ball
2-2: Strikes out swinging
Batting: LHB Mhelter Narcida 0-0: Ground out 6-3 (Groundball, 6, EV 84.4 MPH)
Batting: RHB Harold Keightley 0-0: Ground out 6-3 (Groundball, 56, EV 101.9 MPH)
Top of the 6th over - 0 runs, 0 hits, 0 errors, 0 left on base; Germantown 2 - Northwest Territory 3
BOTTOM OF THE 6TH
Northwest Territory Beavers batting - Pitching for Germantown Uruguayans : LHP Josh Smith
Batting: RHB David Alcabú 0-0: Called Strike
0-1: Ball
1-1: Ball
2-1: DOUBLE (Line Drive, 78D, EV 109.4 MPH)
Pitching: RHP Artemio Mondragon
Batting: LHB Lester Threlfall 0-0: Ball
1-0: Called Strike
1-1: Ball
2-1: SINGLE (Line Drive, 8RS, EV 110.6 MPH)
David Alcabú to third
Runner from 3rd tries for Home, SAFE, no throw by CF
Batting: LHB Matt Dunlap 0-0: Ball
1-0: Fly out, F8 (Flyball, 89D, EV 106.9 MPH)
Batting: LHB Grover Barbaran 0-0: Ball
1-0: Fielders Choice at 2nd, 4-6 (Groundball, 4M, EV 106.9 MPH)
Batting: RHB Richard Mitchell 0-0: Foul Ball, location: 2F
0-1: Ball
1-1: Ground out 4-3 (Groundball, 4, EV 109.4 MPH)
Bottom of the 6th over - 1 run, 2 hits, 0 errors, 1 left on base; Germantown 2 - Northwest Territory 4
TOP OF THE 7TH
Germantown Uruguayans batting - Pitching for Northwest Territory Beavers : RHP Deron Lewis
Batting: RHB Kiyoshi Aoki 0-0: Called Strike
0-1: Foul Ball, location: 2F
0-2: Foul Ball, location: 2F
0-2: Ball
1-2: SINGLE (Groundball, 34D, EV 98.1 MPH)
Batting: RHB Lachlan Thurgood 0-0: Foul Ball, location: 2F
0-1: Ball
1-1: Called Strike
1-2: Foul Ball, location: 2F
1-2: Fly out, F9 (Flyball, 89M, EV 86.9 MPH)
Pitching: LHP Pavlov Anfimov
Batting: RHB Estêvão Reimonde 0-0: Grounds into double play, 6-4-3 (Groundball, 6, EV 86.2 MPH)
Top of the 7th over - 0 runs, 1 hit, 0 errors, 0 left on base; Germantown 2 - Northwest Territory 4
BOTTOM OF THE 7TH
Northwest Territory Beavers batting - Pitching for Germantown Uruguayans : RHP Artemio Mondragon
Batting: RHB Cole Hewitt 0-0: Swinging Strike
0-1: SINGLE (Groundball, 3D, EV 96.2 MPH)
Batting: SHB Zach Bass 0-0: Ball
1-0: Swinging Strike
1-1: Hit by Pitch
Cole Hewitt to second
Batting: RHB Roland Rankin 0-0: Ball
1-0: Called Strike
1-1: Called Strike
1-2: Strikes out swinging
Batting: LHB Mike Johnstone 0-0: Called Strike
0-1: Swinging Strike
0-2: Ball
1-2: Ball
2-2: Foul Ball, location: 2F
2-2: Foul Ball, location: 2F
2-2: Ball
3-2: Foul Ball, location: 2F
3-2: 3-RUN HOME RUN (Flyball, 9D, EV 107.5 MPH), Distance : 374 ft
Batting: RHB David Alcabú 0-0: Ball
1-0: Ball
2-0: Foul Ball, location: 2F
2-1: Fly out, F9 (Flyball, 9LD, EV 102.5 MPH)
Batting: LHB Lester Threlfall 0-0: Foul Ball, location: 2F
0-1: SINGLE (Line Drive, 8RS, EV 88.8 MPH)
Batting: LHB Matt Dunlap 0-0: Called Strike
0-1: Called Strike
0-2: Ball
1-2: Foul Ball, location: 2F
1-2: Foul Ball, location: 2F
1-2: Foul Ball, location: 2F
1-2: Ball
2-2: Ground out U3 (Groundball, 34S, EV 91.9 MPH)
Bottom of the 7th over - 3 runs, 3 hits, 0 errors, 1 left on base; Germantown 2 - Northwest Territory 7
TOP OF THE 8TH
Germantown Uruguayans batting - Pitching for Northwest Territory Beavers : LHP Pavlov Anfimov
Batting: RHB Anthony McGee 0-0: Called Strike
0-1: Ball
1-1: Called Strike
1-2: Ground out 5-3 (Groundball, 56, EV 83.8 MPH)
Batting: RHB Tetahiti Kelala 0-0: Swinging Strike
0-1: Ball
1-1: Foul Ball, location: 2F
1-2: Foul Ball, location: 2F
1-2: Ball
2-2: Strikes out swinging
Batting: RHB Harley Lambert 0-0: Fly out, F7 (Flyball, 7, EV 90.6 MPH)
Top of the 8th over - 0 runs, 0 hits, 0 errors, 0 left on base; Germantown 2 - Northwest Territory 7
BOTTOM OF THE 8TH
Northwest Territory Beavers batting - Pitching for Germantown Uruguayans : RHP Artemio Mondragon
Batting: LHB Grover Barbaran 0-0: Ball
1-0: Ball
2-0: Called Strike
2-1: Ball
3-1: Foul Ball, location: 2F
3-2: Base on Balls
Pitching: RHP Brenden Colling
Batting: RHB Richard Mitchell 0-0: Called Strike
0-1: Ball
1-1: 2-RUN HOME RUN (Flyball, 78XD, EV 102.5 MPH), Distance : 403 ft
Batting: RHB Cole Hewitt 0-0: Called Strike
0-1: Ball
1-1: Ball
2-1: Ball
3-1: Called Strike
3-2: Foul Ball, location: 2F
3-2: Strikes out swinging
Pinch Hitting: RHB Zach Stafford 0-0: Ball
1-0: Ball
2-0: SINGLE (Line Drive, 8LS, EV 106.2 MPH)
Batting: RHB Roland Rankin 0-0: Called Strike
0-1: Ball
1-1: Foul Ball, location: 2F
1-2: Fielders Choice at 2nd, 6-4 (Groundball, 6, EV 79.4 MPH)
Pinch Hitting: RHB Ernesto García 0-0: Ball
1-0: Fly out, F9 (Flyball, 9S, EV 90.0 MPH)
Bottom of the 8th over - 2 runs, 2 hits, 0 errors, 1 left on base; Germantown 2 - Northwest Territory 9
TOP OF THE 9TH
Germantown Uruguayans batting - Pitching for Northwest Territory Beavers : LHP Pavlov Anfimov
Now at 1B: Mark Mathews
Now at 2B: Tyler Pollock
Batting: RHB Jorge Gardella 0-0: Ball
1-0: Fly out, F8 (Flyball, 8RM, EV 81.2 MPH)
Pinch Hitting: SHB Bertrand Bonhomme 0-0: Ball
1-0: Foul Ball, location: 2F
1-1: Ball
2-1: Called Strike
2-2: Foul Ball, location: 2F
2-2: SINGLE (Line Drive, 89S, EV 105.6 MPH)
Batting: RHB Harold Keightley 0-0: Called Strike
0-1: DOUBLE (Flyball, 8LXD, EV 92.5 MPH)
Bertrand Bonhomme to third
Batting: RHB Kiyoshi Aoki 0-0: Ball
1-0: Called Strike
1-1: SINGLE (Groundball, 4MD, EV 107.5 MPH)
Bertrand Bonhomme scores
Harold Keightley to third
Batting: RHB Lachlan Thurgood 0-0: Swinging Strike
0-1: SINGLE (Line Drive, 9S, EV 90.0 MPH)
Harold Keightley scores
Kiyoshi Aoki to second
Batting: RHB Estêvão Reimonde 0-0: Ball
1-0: Called Strike
1-1: Ball
Wild Pitch!
Kiyoshi Aoki to third
Lachlan Thurgood to second
2-1: Ball
3-1: Ground out 1-3 (Groundball, 25, EV 90.0 MPH)
Batting: RHB Anthony McGee 0-0: SINGLE (Flyball, 8LS, EV 94.4 MPH)
Kiyoshi Aoki scores
Lachlan Thurgood to third
Pitching: RHP Javier Benavides
Batting: RHB Tetahiti Kelala 0-0: Ball
1-0: Foul Ball, location: 2F
1-1: Ball
2-1: Called Strike
2-2: Ball
3-2: Strikes out looking
Top of the 9th over - 3 runs, 5 hits, 0 errors, 2 left on base; Germantown 5 - Northwest Territory 9
Friday, April 17th, 2020 - OOTP Baseball 20.8 Build 74